 Dungeon Crawl Stone Soup version 0.27-a0-1545-g3eddc1d3d3 (webtiles) character file.

Game seed: 8828682047756976209

5278 Kinoniko the Carver (level 10, -7/112 HPs)
             Began as a Djinni Berserker on July 13, 2021.
             Was an Elder of Trog.
             Mangled by a large slime creature (24 damage)
             ... on level 9 of the Dungeon.
             The game lasted 00:06:53 (8891 turns).

Kinoniko the Carver (Djinni Berserker)              Turns: 8891, Time: 00:06:54

Health: -7/112     AC:  6    Str: 16    XL:     10   Next: 94%
Gold:   569        EV: 16    Int: 10    God:    Trog [****..] SH:  0 Dex: 15

rFire    + + .     SeeInvis .   f - +3 demon blade (elec)
rCold    . . .     Faith    .   (no shield)
rNeg     . . .     Spirit   .   t - +2 troll leather armour
rPois    ∞         Reflect  .   (no helmet)
rElec    .         Harm     .   (no cloak)
rCorr    .         Rampage  .   (no gloves)
Will     ++...                  (boots unavailable)
Stlth    ..........             (no amulet)
HPRegen  1.28/turn              r - ring of willpower
MPRegen  0.00/turn              q - ring of protection from cold

@: berserking, flying, very quick
A: sickness immunity, fire resistance 2, cold vulnerability 1, float, innate
caster, hp casting, extra vitality 1
a: Renounce Religion, Berserk, Trog's Hand, Brothers in Arms


You were on level 9 of the Dungeon.
You worshipped Trog.
Trog was greatly pleased with you.
You visited 1 branch of the dungeon, and saw 9 of its levels.

You collected 569 gold pieces.

Inventory:

Hand Weapons
 a - a +0 falchion
 f - a +3 demon blade of electrocution (weapon)
Armour
 k - a +0 ring mail
 t - a +2 troll leather armour (worn)
Jewellery
 o - a +4 ring of slaying
 p - a ring of flight
 q - a ring of protection from cold (right hand)
 r - a ring of willpower (left hand)
 s - a ring of protection from fire
 y - an amulet of guardian spirit
Wands
 u - a wand of iceblast (5)
 x - a wand of charming (7)
Scrolls
 c - 6 scrolls of teleportation
 j - a scroll of holy word
 w - 2 scrolls of identify
Potions
 b - a potion of might {unknown}
 d - 3 potions of heal wounds {unknown}
 e - 10 potions of curing {unknown}
 g - 2 potions of brilliance {unknown}
 h - 3 potions of lignification {unknown}
 i - 4 potions of degeneration {unknown}
 l - 2 potions of resistance {unknown}
 m - 2 potions of ambrosia {unknown}
 n - a potion of flight {unknown}
 v - a potion of cancellation {unknown}


   Skills:
 + Level 7.4 Fighting
 * Level 10.7 Long Blades
 - Level 2.0 Armour
 + Level 9.1 Dodging


You couldn't memorise any spells.
You knew the following spells:

 Your Spells              Type           Power      Damage    Failure   Level
a - Magic Dart            Conj           0%         1d3       43%         1
b - Searing Ray           Conj           0%         3d3       56%         2
c - Portal Projectile     Hex/Tloc       0%         N/A       80%         3
d - Iskenderun's Mystic   Conj/Tloc      0%         2d3       99%         4
Your spell library was empty.

Dungeon Overview and Level Annotations

Branches:
Dungeon (9/15)             Temple (0/1) D:4
   Lair: D:8-11         Orc: D:9-12

Altars:
Ashenzari
Gozag
Makhleb
Yredelemnul

Shops:
D:7 *   D:9 (


Innate Abilities, Weirdness & Mutations

You are immune to sickness and miasma.
You are immune to poison.
Your flesh is very heat resistant. (rF++)
You are vulnerable to cold. (rC-)
You float through the air rather than walking.
You learn spells naturally, not from books.
Your magical power is your life essence.
You have superior vitality. (+4 HP)


Message History

A red film seems to cover your vision as you go berserk!
You feel yourself moving faster!
You feel mighty! The large slime creature hits you!
You slice the very large slime creature!!
The very large slime creature is heavily wounded.
You barely miss the very large slime creature.
The very large slime creature is heavily wounded.
The large slime creature barely misses you.
Two slime creatures merge to form an enormous slime creature.
You slash the enormous slime creature!
The enormous slime creature is heavily wounded.
You slice the enormous slime creature!!
Lightning courses through the enormous slime creature!
The enormous slime creature is heavily wounded.
The large slime creature misses you.
You slice the enormous slime creature!!
The enormous slime creature is severely wounded.
You hit the enormous slime creature.
Lightning courses through the enormous slime creature!!
The enormous slime creature is severely wounded.
The large slime creature completely misses you.
You riposte.
You slash the large slime creature!
Lightning courses through the large slime creature!
The large slime creature is moderately wounded.
The enormous slime creature hits you!!!
* * * LOW HITPOINT WARNING * * *
You are too injured to fight recklessly!
Unknown command.
You are too injured to fight recklessly!
Unknown command.
You are too injured to fight recklessly!
You hit the enormous slime creature.
The enormous slime creature is severely wounded.
Unknown command.
You are too berserk!
You slash the enormous slime creature!
Lightning courses through the enormous slime creature!
The enormous slime creature is almost dead.
The large slime creature hits you!!
You die...

#.....#
#.........[...###
#.....#
#.............#..
#.....#
#.............#.(
#.....#
#..###........#..
#.....#
#..###..##.<..'..
#.###.#
#.............###
#......##########
.#######..##..#.........
......J@......#.........
......J#......#.........
.##....#......#.........
#....#......+.......##
#######......#.......##
#........(#..#.........
#........(...#.........
##
+............#.........
...
#............#..)......


You could see an enormous slime creature and a large slime creature.

Vanquished Creatures
  The ghost of cccccccc the Ruffian, a novice TrFi (D:5)
  An unseen horror (D:8)
  A troll (D:6)
  A vampire (D:9)
  A shadow (D:9)
  A steam dragon (D:9)
  An acid dragon (D:9)
  4 water moccasins
  A hornet zombie (D:7)
  3 sky beasts
  An ice beast (D:6)
  A necrophage (D:6)
  An ogre (D:5)
  2 centaurs (D:7)
  2 phantoms (D:5)
  2 kobold brigands (D:7)
  7 bullfrogs
  2 scorpions
  5 killer bees (D:7)
  15 wights
  2 howler monkeys
  An electric eel (D:9)
  A bullfrog zombie (D:5)
  A centaur zombie (D:6)
  2 hounds
  2 orc priests (D:8)
  A centaur skeleton (D:6)
  A bullfrog skeleton (D:4)
  2 iguanas (D:6)
  6 orc wizards
  A howler monkey skeleton (D:5)
  10 adders
  A shadow imp (D:5)
  A white imp (D:7)
  2 ufetubi (D:5)
  4 worms
  A dart slug (D:4)
  20 orcs
  7 ball pythons
  3 bats
  3 endoplasms
  4 giant cockroaches
  9 hobgoblins
  13 jackals
  15 kobolds
  5 quokkas
  2 frilled lizards
  6 goblins
  9 rats
  A spectral orc (D:5)
189 creatures vanquished.

Vanquished Creatures (collateral kills)
  An orc warrior (D:9)
  An orc (D:9)
2 creatures vanquished.

Vanquished Creatures (others)
  An orc (D:9)
1 creature vanquished.

Grand Total: 192 creatures vanquished

Notes
Turn   | Place    | Note
-------+----------+-------------------------------------------
     0 | D:1      | Kinoniko the Djinni Berserker began the quest for the Orb.
     0 | D:1      | Reached XP level 1. HP: 20/20 MP: 0/0
   318 | D:1      | Reached skill level 3 in Long Blades
   318 | D:1      | Reached XP level 2. HP: 10/25 MP: 0/0
  1178 | D:2      | Reached XP level 3. HP: 16/30 MP: 0/0
  1178 | D:2      | Learned a level 1 spell: Magic Dart
  1564 | D:2      | Found a faded altar of an unknown god.
  1577 | D:2      | Reached ** piety under Trog
  1893 | D:2      | Found an opulent altar of Gozag.
  2143 | D:2      | Reached XP level 4. HP: 33/35 MP: 0/0
  2378 | D:2      | Identified a scroll of acquirement
  2379 | D:2      | Acquired a +3 demon blade of electrocution
  2445 | D:3      | Reached skill level 4 in Long Blades
  3043 | D:3      | Reached XP level 5. HP: 39/40 MP: 0/0
  3043 | D:3      | Learned a level 2 spell: Searing Ray
  3503 | D:4      | Found a staircase to the Ecumenical Temple.
  3626 | D:4      | Found a burning altar of Makhleb.
  4000 | D:4      | Reached XP level 6. HP: 38/46 MP: 0/0
  4190 | D:4      | Reached *** piety under Trog
  4353 | D:5      | Entered Level 5 of the Dungeon
  4358 | D:5      | Reached skill level 5 in Long Blades
  4394 | D:5      | Noticed an ogre
  4398 | D:5      | Killed an ogre
  4399 | D:5      | Reached XP level 7. HP: 35/50 MP: 0/0
  4399 | D:5      | Learned a level 3 spell: Portal Projectile
  4422 | D:5      | Reached skill level 6 in Long Blades
  4422 | D:5      | Reached skill level 5 in Dodging
  4581 | D:5      | Found a broken altar of Ashenzari.
  4926 | D:5      | Found a basalt altar of Yredelemnul.
  5132 | D:5      | Found a runed translucent door.
  5341 | D:5      | Noticed cccccccc's ghost (novice TrFi)
  5355 | D:5      | Killed cccccccc's ghost
  5356 | D:5      | Reached skill level 7 in Long Blades
  5356 | D:5      | Reached XP level 8. HP: 45/58 MP: 0/0
  5983 | D:6      | Reached XP level 9. HP: 54/63 MP: 0/0
  5983 | D:6      | Learned a level 4 spell: Iskenderun's Mystic Blast
  6051 | D:6      | Reached skill level 8 in Long Blades
  6140 | D:6      | Reached skill level 5 in Fighting
  6554 | D:6      | Noticed a troll
  6556 | D:6      | Killed a troll
  6680 | D:7      | Found Heobbul's Assorted Antiques.
  6705 | D:7      | Reached **** piety under Trog
  6708 | D:7      | Reached skill level 9 in Long Blades
  6927 | D:7      | Reached XP level 10. HP: 72/72 MP: 0/0
  7604 | D:8      | Reached skill level 10 in Long Blades
  7899 | D:8      | Killed an unseen horror
  7943 | D:8      | Reached ***** piety under Trog
  8405 | D:9      | Found Xyckaiv's Weapon Boutique.
  8891 | D:9      | Mangled by a large slime creature

Illustrated notes

Levels and vault maps discovered:
D:1:      lightli_iron_boxes, layout_loops_cross, patterned_corridor
D:2:      layout_loops_ring, basic_ecumenical_altar, basic_altar
D:3:      layout_loops_cross, hex_large, minmay_misc_feat_cross,
          minmay_fractal_squares_5
D:4:      layout_loops_ring, bloody_makhleb, minmay_temple_entry_glass,
          minmay_increasing_density
D:5:      layout_cave_pools, mainiacjoe_overflow_paths,
          yredelemnul_forgotten_temple_becter, ebering_ghost_reflecting_pool
D:6:      layout_basic
D:7:      layout_basic, serial_shops, shop, hangedman_decor_peaks_small,
          kennysheep_generic_room_15
D:8:      layout_loops_ring
D:9:      layout_stronghold, zin_statuary, nicolae_inconvenience_store

Skill      XL: |  1  2  3  4  5  6  7  8  9 10 |
---------------+-------------------------------+-----
Long Blades    | 3 4 5 7 9 10 | 10.7
Dodging        | 3 4 6 7 9 |  9.1
Fighting       | 4 6 7 |  7.4
Armour         | |  2.0

Action                   |  1- 3 |  4- 6 |  7- 9 | 10-12 || total
-------------------------+-------+-------+-------+-------++-------
Melee: Falchion          |   112 |     4 |       |       ||   116
       Demon blade       |       |   115 |   150 |   151 ||   416
Invok: Berserk           |     2 |       |     8 |     5 ||    15
       Brothers in Arms  |       |       |       |     1 ||     1
  Use: Scroll            |       |     5 |       |     6 ||    11
 Stab: Sleeping          |     2 |       |       |       ||     2
Armor: Animal skin       |     6 |       |       |       ||     6
       Ring mail         |    28 |    34 |    29 |       ||    91
       Troll leather arm |       |       |    14 |    21 ||    35
Dodge: Dodged            |    70 |    68 |    91 |    80 ||   309
       Rpst.: Falchion   |    17 |     1 |       |       ||    18
       Demon blade       |       |    21 |    27 |    22 ||    70

Table legend: (Time is in decaauts)
 A = Elapsed time spent in this place.
 B = Non-inter-level travel time spent in this place.
 C = Inter-level travel time spent in this place.
 D = Time resting spent in this place.
 E = Time spent auto-exploring this place.
 F = Levels seen in this place.
 G = Mean time per level.
                   A        B        C        D        E       F      G
               +--------+--------+--------+--------+--------+-----+--------+
         Total |   8976 |   8791 |    185 |   1706 |   6038 |   9 |  997.3 |
       Dungeon |   8976 |   8791 |    185 |   1706 |   6038 |   9 |  997.3 |
               +--------+--------+--------+--------+--------+-----+--------+

Top non-repeatable levels by time:
     D:2: 1392 daAuts
     D:5: 1260 daAuts
     D:6: 1098 daAuts
     D:4: 1078 daAuts
     D:1: 1024 daAuts
     D:3: 892 daAuts
     D:7: 837 daAuts
     D:8: 742 daAuts
     D:9: 650 daAuts
